 Dungeon Crawl Stone Soup version 0.22.1-1-ga44c0e56f4 (webtiles) character file.

21 ndruid the Shooter (level 2, -2/23 HPs)
             Began as a Centaur Arcane Marksman on Nov 4, 2018.
             Slain by an adder (3 damage)
             ... on level 2 of the Dungeon.
             The game lasted 00:08:38 (1385 turns).

ndruid the Shooter (Centaur Arcane Marksman)        Turns: 1385, Time: 00:08:39

Health: -2/23      AC:  5    Str: 12    XL:     2   Next: 62%
Magic:  3/3        EV: 10    Int: 12    God:
Gold:   71         SH:  0    Dex:  9    Spells: 0/3 levels left

rFire    . . .     SeeInvis .   a - +0 shortbow
rCold    . . .     Gourm    .   (shield currently unavailable)
rNeg     . . .     Faith    .   e - +1 robe
rPois    .         Spirit   .   (no helmet)
rElec    .         Reflect  .   (no cloak)
rCorr    .         Harm     .   (no gloves)
MR       .....                  (no barding)
Stlth    +.........             (no amulet)
HPRegen  0.07/turn              (no ring)
MPRegen  0.08/turn              (no ring)

@: lethally poisoned (-2 -> -12), very quick
A: large, hooves 3, deformed body, speed 2, tough skin 3
a: no special abilities


You were on level 2 of the Dungeon.
You were not hungry.

You visited 1 branch of the dungeon, and saw 2 of its levels.

You collected 71 gold pieces.

Inventory:

Hand Weapons
 a - a +0 shortbow (weapon)
 b - a +2 spear of piercing
 l - a cursed -2 club
 m - a +0 spear
 n - a +0 dagger of electrocution
 p - a +0 short sword
 u - a +0 club
Missiles
 d - 12 arrows (quivered)
 g - 28 stones
Armour
 e - a +1 robe (worn)
 j - a cursed +0 leather armour
 o - a +0 shield
 r - a +0 chain mail
Scrolls
 k - 2 scrolls of identify
 s - a scroll of magic mapping {unknown}
 t - a scroll of enchant weapon {unknown}
Potions
 c - a potion of haste {unknown}
 h - a potion of lignification {unknown}
 i - a potion of ambrosia {unknown}
 q - a potion of brilliance {unknown}
Comestibles
 f - 3 rations


   Skills:
 + Level 1.3 Fighting
 + Level 3.5 Bows
 + Level 1.4 Dodging
 + Level 1.0 Spellcasting
 + Level 3.0 Hexes


You couldn't memorise any spells.
You knew the following spells:

 Your Spells              Type           Power        Failure   Level  Hunger
a - Corona                Hex            #......      9%          1    ##.....
b - Slow                  Hex            #.......     13%         2    ###....

Your spell library contained the following spells:

 Spells                   Type           Power        Failure   Level  Hunger
 Inner Flame              Hex/Fire       #.......     43%         3    ####...
 Portal Projectile        Hex/Tloc       #.....       43%         3    ####...
 Cause Fear               Hex            #.........   63%         4    #####..
 Leda's Liquefaction      Hex/Erth       #.........   85%         4    #####..


Dungeon Overview and Level Annotations

Branches:
Dungeon (2/15)

Altars:


Innate Abilities, Weirdness & Mutations

You have hooves in place of feet.
Armour fits poorly on your strangely shaped body.
You cover ground very quickly.
You have extremely tough skin. (AC +3)


Message History

You shoot an arrow. The arrow misses the adder.
You feel sick. The adder bites you.
* * * LOW HITPOINT WARNING * * *
The adder bites you but does no damage.
Firing (i - inventory. (/) - cycle)
d - 14 arrows (quivered)
Press: ? - help, Shift-Dir - straight line, f/p - adder
Aim: an adder (heavily wounded)
You shoot an arrow. The arrow hits the adder.
The adder is almost dead.
The adder bites you.
* * * LOW HITPOINT WARNING * * *
You are more poisoned.
The adder poisons you!
Firing (i - inventory. (/) - cycle)
d - 13 arrows (quivered)
Press: ? - help, Shift-Dir - straight line, f/p - adder
Aim: an adder (almost dead)
You shoot an arrow. The arrow closely misses the adder.
* * * LOW HITPOINT WARNING * * *
You feel sick. The adder bites you.
You die...

....... ...
......###.#
.........#
.......†.#
###########....##
...............+
....
#.#########....#
..... #.#
#....####..... #.#
######.....@S.....(
#.#
#....#...........##
#.#
#....#...........#
#.#
#....#.......$...#
#.#
#....#..........(#
#.#
#......###.......#
#.# #......#
#.......# #.#
#......# #.......#
#<#
#......###.......#


You could see an adder.

Vanquished Creatures
  A dart slug (D:1)
  A ball python (D:1)
  A giant cockroach (D:1)
  3 goblins
  2 hobgoblins (D:1)
  4 bats
  2 kobolds (D:1)
  3 rats
17 creatures vanquished.

Notes
Turn   | Place    | Note
-------+----------+-------------------------------------------
     0 | D:1      | ndruid the Centaur Arcane Marksman began the quest for the
                  | Orb.
     0 | D:1      | Reached XP level 1. HP: 16/16 MP: 2/2
   386 | D:1      | Reached XP level 2. HP: 20/23 MP: 3/3
   390 | D:1      | Learned a level 2 spell: Slow
  1385 | D:2      | HP: 1/23 [poisoned by an adder]
  1385 | D:2      | Slain by an adder

Skill      XL: |  1 |
---------------+----+-----
Bows           | 3 |  3.5
Hexes          | 3 |  3.0
Fighting       | |  1.3
Dodging        | |  1.4
Spellcasting   | |  1.0

Action                   || total
-------------------------++-------
Melee: Shortbow          ||     1
 Fire: Shortbow          ||    89
 Cast: Corona            ||     1
  Use: Scroll            ||     2
  Eat: Ration            ||     1
Armor: Robe              ||    28
Dodge: Dodged            ||    26
